 Dungeon Crawl Stone Soup version 0.30-a0-1161-g0704695555 (webtiles) character file.

Game seed: 4008615275351854759

9345 Darkkill the Fighter (level 11, -2/80 HPs)
             Began as a Minotaur Hunter on Apr 27, 2023.
             Was an Initiate of Gozag.
             Slain by a minotaur
             ... wielding a +2 vampiric lajatang
              (3 damage)
             ... in a Gauntlet.
             The game lasted 00:15:59 (9795 turns).

Darkkill the Fighter (Minotaur Hunter)              Turns: 9795, Time: 00:16:00

Health: -2/80      AC:  9    Str: 12    XL:     11   Next: 21%
Magic:  7/7        EV: 23    Int:  2    God:    Gozag
Gold:   649        SH:  0    Dex: 30    Spells: 10/10 levels left

rFire   . . .        a - +2 shortbow (flame)
rCold   x x .        (shield currently unavailable)
rNeg    . . .        z - +0 robe "Fopixeta" {rPois Str-2 Dex+8}
rPois   +            (helmet restricted)
rElec   .            y - +2 cloak
rCorr   .            H - +2 pair of gloves
SInv    +            h - +0 pair of boots of Disguise {rPois Str-5 Dex+3 SInv}
Will    .....        (no amulet)
Stlth   +++++        w - +6 ring of strength
HPRegen 0.00/turn    F - +4 ring of slaying
MPRegen 0.10/turn

%: no teleportation, random rage (9%)
@: inhibited regen, unable to read, unable to drink
A: horns 2, retaliatory headbutt, weak 1, [berserk 2], [dopey 2], [frail 2],
[low MP 2], [inhibited regeneration], [cold vulnerability 2], subdued magic
1[+2], [inability to drink after injury 2], [inability to read after injury 2]
a: Renounce Religion, Potion Petition, Call Merchant, Bribe Branch


You were in a Gauntlet.
You worshipped Gozag.
Gozag was pleased with you.
You visited 3 branches of the dungeon, and saw 13 of its levels.
You also visited: Gauntlet.

You collected 1189 gold pieces.
You paid 540 gold pieces to Gozag.

Inventory:

Hand Weapons
 a - a +2 shortbow of flaming (weapon)
 b - a +1 halberd of protection
Missiles
 d - 132 stones
 o - 6 javelins
 s - 23 poisoned darts
Armour
 h - the +0 pair of boots of Disguise (worn) {rPois Str-5 Dex+3 SInv}
   (You found it on level 6 of the Dungeon)

   Str:       It affects your strength (-5).
   Dex:       It affects your dexterity (+3).
   rPois:     It protects you from poison.
   SInv:      It lets you see invisible.
 y - a +2 cloak (worn)
 z - the +0 robe "Fopixeta" (worn) {rPois Str-2 Dex+8}
   (You found it on level 6 of the Dungeon)

   Str:       It affects your strength (-2).
   Dex:       It affects your dexterity (+8).
   rPois:     It protects you from poison.
 H - a +2 pair of gloves (worn)
Jewellery
 k - a ring of magical power
 m - the ring "Basmise" {rF- rC+ rN++ rCorr MP+9}
   (You found it in a Gauntlet)

   [ring of magical power]

   rF:        It makes you vulnerable to fire.
   rC:        It protects you from cold.
   rN:        It greatly protects you from negative energy.
   MP:        It affects your magic capacity (+9).
   rCorr:     It protects you from acid and corrosion.
 w - a +6 ring of strength (left hand)
 F - a +4 ring of slaying (right hand)
Wands
 A - a wand of digging (4)
 E - a wand of mindburst (5)
 I - a wand of flame (9)
Scrolls
 c - 2 scrolls of fog
 r - 4 scrolls of vulnerability
 u - 5 scrolls of magic mapping
 v - 3 scrolls of immolation
 B - a scroll of poison
 D - 3 scrolls of teleportation
 J - a scroll of enchant armour
Potions
 e - 2 potions of invisibility
 f - 3 potions of haste
 g - 2 potions of flight
 i - 2 potions of magic
 j - 4 potions of lignification
 l - 2 potions of cancellation
 n - 5 potions of attraction
 p - 2 potions of heal wounds
 q - a potion of might
 t - 3 potions of curing {@q1}
 x - a potion of ambrosia {unknown}
 G - 2 potions of mutation
Miscellaneous
 L - a phantom mirror (inert)


   Skills:
 + Level 10.8 Fighting
 + Level 10.7 Ranged Weapons
 + Level 10.0 Dodging
 + Level 8.1 Stealth


You had 10 spell levels left.
You didn't know any spells.
Your spell library contained the following spells:

 Spells                   Type           Power      Damage    Failure   Level
 Apportation              Tloc           0%         N/A       41%         1
 Necrotise                Necr           0%         1d4       41%         1
 Sandblast                Erth           0%         2d4       41%         1
 Sting                    Tmut/Pois      0%         1d3       41%         1
 Summon Small Mammal      Summ           0%         N/A       41%         1
 Passwall                 Tmut/Erth      0%         N/A       56%         2
 Poisonous Vapours        Pois/Air       0%         N/A       56%         2
 Stone Arrow              Conj/Erth      0%         3d7       82%         3
 Volatile Blastmotes      Fire/Tloc      0%         2d10      82%         3
 Animate Armour           Summ/Erth      0%         N/A       99%         4
 Fulminant Prism          Conj/Hex       0%         3d5       99%         4
 Iskenderun's Mystic Bla  Conj/Tloc      0%         2d3       99%         4
 Olgreb's Toxic Radiance  Pois           0%         N/A       99%         4
 Lee's Rapid Deconstruct  Erth           0%         3d4*      100%        5
 Lehudib's Crystal Spear  Conj/Erth      0%         10d2      100%        8


Dungeon Overview and Level Annotations

Branches:
Dungeon (11/15)            Temple (1/1) D:7            Lair (1/5) D:11
    Orc (0/2) D:11        Gauntlet (1/1)

Altars:
Ashenzari
Cheibriados
Dithmenos
Elyvilon
Fedhas
Gozag
Hepliaklqana
Kikubaaqudgha
Makhleb
Nemelex Xobeh
Okawaru
Qazlal
Ru
Sif Muna
Trog
Uskayaw
Vehumet
Wu Jian
Xom
Yredelemnul
Zin
The Shining One
Jiyva

Shops:
D:5 (   D:6 [   D:8 *   Lair:1 (

Annotations:
D:10 3 runed translucent doors, Lobster4's ghost, journeyman HuDe Gauntlet 5 runed translucent doors, 7 transporters


Innate Abilities, Weirdness & Mutations

You have a pair of horns on your head.
You reflexively headbutt those who attack you in melee.
You are weak. (Str -2)
[You have an uncontrollable temper.]
[You are very dopey. (Int -4)]
[You are very frail. (-20% HP)]
[Your magical capacity is very low. (-20% MP)]
[You do not regenerate when monsters are visible.]
[You are very vulnerable to cold. (rC--)]
[Your spells are much easier to cast, but much less powerful.]
[You sometimes lose the ability to drink potions when taking damage.]
[You sometimes lose the ability to read scrolls when taking damage.]


Message History

You lose the ability to drink potions when taking damage more often.
You shoot an arrow.
The arrow barely misses the wretched star.
You shoot an arrow.
The arrow barely misses the wretched star.
You shoot an arrow.
The arrow closely misses the wretched star.
You shoot an arrow. The arrow hits the wretched star.
The arrow burns the wretched star.
The wretched star is severely damaged.
You shoot an arrow.
The arrow barely misses the wretched star.
You shoot an arrow. The arrow hits the wretched star.
The wretched star is severely damaged.
The wretched star glows turbulently.
The lance of force misses you.
You shoot an arrow. The arrow hits the wretched star!
The arrow burns the wretched star.
The wretched star is almost destroyed.
You shoot an arrow. The arrow hits the wretched star!
You destroy the wretched star!
Your Dodging skill increases to level 10!
You now have 581 gold pieces (gained 6).
There is a large open translucent door here.
You now have 586 gold pieces (gained 5).
There is a large open translucent door here.
The white imp shouts, "Back with thee, thou unmuzzled hedge-born beggar!"
The white imp puffs mist at you.
You now have 608 gold pieces (gained 22).
There is a large open translucent door here.
m - the staff of cold "Joutenur" {rC+ Dex+5}
C - the ring "Wiycwon" {Will+ Str+2}
There is a transporter here.
G - 2 potions of mutation (gained 1)
You drop the staff of cold "Joutenur" {rC+ Dex+5}.
You drop the ring "Wiycwon" {Will+ Str+2}.
There is a transporter here.
You enter the transporter and appear at another place.
There is a transporter here.
You enter the transporter and appear at another place.
e - 2 potions of invisibility (gained 1)
There is a transporter here.
You see here the ring "Basmise" {rF- rC+ rN++ rCorr MP+9}.
m - the ring "Basmise" {rF- rC+ rN++ rCorr MP+9} You now have 649 gold pieces (gained 41).
There are no items here.
There is a transporter here.
You enter the transporter and appear at another place.
You open the door.
A minotaur comes into view.
It is wielding a +2 vampiric lajatang, wearing the +8 chain mail of Narrow Amelioration {rF+} and quivering silver javelins.
Found a plate armour.
Found a gate leading back out of this place.
Aiming: Mindburst
Press: ? - help, Q - select action, (/) - cycle Shift-Dir - straight line, f - minotaur
Aim: a minotaur, wielding a +2 vampiric lajatang, wearing the +8 chain mail of Narrow Amelioration {rF+} and quivering silver javelins (wandering, hasn't noticed you, chance to affect: 6%)
The minotaur bellows!
The minotaur resists with almost no effort.
Aiming: Mindburst
Press: ? - help, Q - select action, (/) - cycle Shift-Dir - straight line, f/p - minotaur
Aim: a minotaur, wielding a +2 vampiric lajatang, wearing the +8 chain mail of Narrow Amelioration {rF+} and quivering silver javelins (chance to affect: 6%)
The minotaur resists with almost no effort.
Aiming: Mindburst
Press: ? - help, Q - select action, (/) - cycle Shift-Dir - straight line, f/p - minotaur
Aim: a minotaur, wielding a +2 vampiric lajatang, wearing the +8 chain mail of Narrow Amelioration {rF+} and quivering silver javelins (chance to affect: 6%)
The minotaur resists with almost no effort.
Fire: a) +2 shortbow (flame)
Press: ? - help, Q - select action, (/) - cycle Shift-Dir - straight line, f/p - minotaur
Aim: a minotaur, wielding a +2 vampiric lajatang, wearing the +8 chain mail of Narrow Amelioration {rF+} and quivering silver javelins (83% to hit)
You shoot an arrow.
The arrow hits the minotaur but does no damage.
The minotaur closely misses you. You furiously retaliate!
You headbutt the minotaur! The minotaur gores you!
Fire: a) +2 shortbow (flame)
Press: ? - help, Q - select action, (/) - cycle Shift-Dir - straight line, f/p - minotaur
Aim: a minotaur, wielding a +2 vampiric lajatang, wearing the +8 chain mail of Narrow Amelioration {rF+} and quivering silver javelins (lightly wounded, 83% to hit)
You shoot an arrow. The arrow hits the minotaur!
The arrow burns the minotaur.
The minotaur is moderately wounded.
The minotaur hits you with a +2 vampiric lajatang!
The minotaur draws strength from your wounds!
The minotaur misses you.
Fire: a) +2 shortbow (flame)
Press: ? - help, Q - select action, (/) - cycle Shift-Dir - straight line, f/p - minotaur
Aim: a minotaur, wielding a +2 vampiric lajatang, wearing the +8 chain mail of Narrow Amelioration {rF+} and quivering silver javelins (moderately wounded, 83% to hit)
You shoot an arrow. The arrow hits the minotaur.
The minotaur is moderately wounded.
The minotaur misses you. The minotaur gores you!
You feel threatened and lose the ability to read scrolls!
You feel threatened and lose the ability to drink potions!
Unknown command.
Aiming: Mindburst
Press: ? - help, Q - select action, (/) - cycle Shift-Dir - straight line, f/p - minotaur
Aim: a minotaur, wielding a +2 vampiric lajatang, wearing the +8 chain mail of Narrow Amelioration {rF+} and quivering silver javelins (moderately wounded, chance to affect: 6%)
The minotaur resists with almost no effort.
The minotaur hits you with a +2 vampiric lajatang!!!
Ouch! That really hurt!
* * * LOW HITPOINT WARNING * * *
The minotaur draws strength from your wounds!
The minotaur gores you.
You die...
Your body crumbles into a pile of gold.

##########≈8≈#..#!..#
####....##.##...#..#©..#
##....##.##....8.#..#...#
#..##.##....##...#..#".##
##.##....##.##.8.#..#.##.
##....##.##......#..#....
#..##.##....##...#..#####
########.##.##.©.#≈......
###∩...H@##......#∩......
#.######....##.©.#§......
##.##....##.##...#..#####
##....##.##......#..#....
#..##.##....##.8.#..#.##.
##.##....##.##...#..#.#.#
#....##.##....8.#..#..##
####.##....##...#..#©.#.
##########≈8≈#..#..##


You could see a minotaur.

Vanquished Creatures
  A boulder beetle (D:11)
  A two-headed ogre (D:10)
  A wretched star (Gauntlet)
  An ugly thing (D:10)
  A cane toad (Lair:1)
  A komodo dragon (Lair:1)
  2 trolls
  3 hornets
  A vampire (D:11)
  A wraith (D:11)
  A shadow (D:11)
  3 steam dragons
  A neqoxec (Gauntlet)
  3 acid dragons
  A water moccasin (D:7)
  An ice beast (D:7)
  3 black bears
  3 orc warriors
  7 centaurs
  3 phantoms (D:11)
  2 kobold brigands (D:9)
  4 bullfrogs
  2 gnoll sergeants
  3 scorpions
  8 wights (D:8)
  3 troll zombies (D:11)
  7 killer bees
  2 howler monkeys
  A quasit (D:6)
  2 jellies
  A gnoll bouda (D:5)
  5 orc priests
  3 hounds
  2 iguanas
  14 orc wizards
  A scorpion zombie (D:5)
  3 ogre zombies (D:11)
  2 hound zombies (D:5)
  2 howler monkey zombies (D:5)
  14 gnolls
  2 adders
  3 shadow imps
  2 white imps
  2 ufetubi (D:5)
  3 dart slugs
  34 orcs
  7 ball pythons
  9 bats
  7 endoplasms
  A giant cockroach (D:4)
  2 hobgoblins
  6 jackals
  4 quokkas
  A frilled lizard (D:2)
  5 goblins
  A goblin skeleton (D:6)
  2 goblin zombies (D:11)
  3 hobgoblin skeletons (D:11)
  4 hobgoblin zombies
  15 kobolds
  5 orc skeletons
  10 orc zombies
  5 rats
253 creatures vanquished.

Vanquished Creatures (collateral kills)
  A small abomination (Gauntlet)
1 creature vanquished.

Vanquished Creatures (others)
  13 demonic plants (Gauntlet)
  7 fungi (D:7)
  12 plants
32 creatures vanquished.

Grand Total: 286 creatures vanquished

Notes
Turn   | Place    | Note
-------+----------+-------------------------------------------
     0 | D:1      | Darkkill the Minotaur Hunter began the quest for the Orb.
     0 | D:1      | Reached XP level 1. HP: 18/18 MP: 0/0
    80 | D:1      | Reached skill level 1 in Stealth
   104 | D:1      | Reached XP level 2. HP: 23/25 MP: 1/1
   378 | D:1      | Reached XP level 3. HP: 31/31 MP: 2/2
  1700 | D:4      | Reached skill level 5 in Ranged Weapons
  1700 | D:4      | Reached XP level 4. HP: 38/38 MP: 3/3
  1755 | D:4      | Noticed a scorpion
  1758 | D:4      | Killed a scorpion
  1759 | D:4      | Reached XP level 5. HP: 38/46 MP: 4/4
  1856 | D:4      | Identified the +0 leather armour of Narrow Curiosity
                  | {Stlth+}
  2456 | D:5      | Entered Level 5 of the Dungeon
  2469 | D:5      | Noticed a centaur
  2474 | D:5      | Killed a centaur
  2475 | D:5      | Reached XP level 6. HP: 16/53 MP: 5/5
  2799 | D:5      | Found Ywnutel's Weapon Shop.
  2892 | D:5      | Reached skill level 5 in Fighting
  2892 | D:5      | Reached XP level 7. HP: 61/61 MP: 6/6
  2975 | D:5      | Identified the +1 scale mail "Vapic" {Will+}
  3160 | D:5      | Found a basalt altar of Yredelemnul.
  3206 | D:6      | Noticed a steam dragon
  3213 | D:6      | Killed a steam dragon
  3214 | D:6      | Reached skill level 5 in Dodging
  3308 | D:6      | Identified the +0 pair of boots of Disguise {rPois Str-5
                  | Dex+3 SInv}
  3345 | D:6      | Found a glowing golden altar of the Shining One.
  3538 | D:6      | Reached XP level 8. HP: 64/70 MP: 7/7
  4003 | D:6      | Found Zeibuc's Antique Armour Emporium.
  4282 | D:6      | Identified the +0 robe "Fopixeta" {rPois Str-2 Dex+8}
  4589 | D:7      | Found a white marble altar of Elyvilon.
  4678 | D:7      | Found a staircase to the Ecumenical Temple.
  4687 | Temple   | Entered the Ecumenical Temple
  4847 | D:7      | Found a glowing silver altar of Zin.
  4932 | D:7      | Reached skill level 5 in Stealth
  5340 | D:8      | Reached XP level 9. HP: 51/79 MP: 8/8
  5616 | D:8      | Found a sacrificial altar of Ru.
  5957 | D:8      | Found Yloidetz's Elemental Accessories.
  6586 | D:9      | Reached XP level 10. HP: 90/90 MP: 9/9
  6770 | D:9      | Found an opulent altar of Gozag.
  6829 | D:9      | Became a worshipper of Gozag Ym Sagoz the Greedy
  6970 | D:9      | Found an ancient bone altar of Kikubaaqudgha.
  6970 | D:9      | Found an ornate altar of the Wu Jian Council.
  6970 | D:9      | Found a hide-covered altar of Uskayaw.
  6979 | D:9      | Found a blossoming altar of Fedhas.
  6981 | D:9      | Found an iron altar of Okawaru.
  6982 | D:9      | Found a shadowy altar of Dithmenos.
  6984 | D:9      | Found a bloodstained altar of Trog.
  7010 | D:9      | Found a stormy altar of Qazlal.
  7012 | D:9      | Found a burning altar of Makhleb.
  7142 | D:10     | Entered Level 10 of the Dungeon
  7280 | D:10     | Noticed a two-headed ogre
  7285 | D:10     | Killed a two-headed ogre
  7300 | D:10     | Noticed a cyan ugly thing
  7307 | D:10     | Killed a cyan ugly thing
  7479 | D:10     | Found a sparkling altar of Nemelex Xobeh.
  7540 | D:10     | Found a runed translucent gate.
  7540 | D:10     | Found a runed translucent gate.
  7540 | D:10     | Found a runed translucent gate.
  7542 | D:10     | Found a viscous altar of Jiyva.
  7542 | D:10     | Noticed Lobster4's ghost (journeyman HuDe)
  7543 | D:10     | Noticed a glowing orange brain
  8110 | D:11     | Reached skill level 10 in Fighting
  8110 | D:11     | Reached skill level 10 in Ranged Weapons
  8147 | D:11     | Noticed a boulder beetle
  8175 | D:11     | Killed a boulder beetle
  8579 | D:11     | Found a staircase to the Orcish Mines.
  8591 | D:11     | Reached XP level 11. HP: 101/101 MP: 10/10
  8826 | D:11     | Found a staircase to the Lair.
  9287 | Lair:1   | Entered Level 1 of the Lair of Beasts
  9382 | Lair:1   | Found a gate leading to a gauntlet.
  9396 | Gauntlet | Entered a Gauntlet
  9396 | Gauntlet | Noticed a wretched star
  9396 | Gauntlet | Found a large runed translucent door.
  9396 | Gauntlet | Found a large runed translucent door.
  9396 | Gauntlet | Found a large runed translucent door.
  9396 | Gauntlet | Found a large runed translucent door.
  9396 | Gauntlet | Found a large runed translucent door.
  9396 | Gauntlet | Found a large runed translucent door.
  9396 | Gauntlet | Found a large runed translucent door.
  9396 | Gauntlet | Found a large runed translucent door.
  9396 | Gauntlet | Found a runed translucent door.
  9396 | Gauntlet | Found a runed translucent gate.
  9396 | Gauntlet | Found a transporter.
  9396 | Gauntlet | Found a transporter.
  9396 | Gauntlet | Found a runed translucent gate.
  9396 | Gauntlet | Found a transporter.
  9399 | Gauntlet | Found a runed translucent door.
  9399 | Gauntlet | Found a runed translucent gate.
  9401 | Gauntlet | Found a transporter.
  9407 | Gauntlet | Found a large runed translucent door.
  9407 | Gauntlet | Found a large runed translucent door.
  9409 | Gauntlet | Found a large runed translucent door.
  9410 | Gauntlet | Found a large runed translucent door.
  9417 | Gauntlet | Found a transporter.
  9419 | Gauntlet | Noticed a necromancer
  9455 | Gauntlet | Found a large runed translucent door.
  9455 | Gauntlet | Found a large runed translucent door.
  9456 | Gauntlet | Found a large runed translucent door.
  9457 | Gauntlet | Found a large runed translucent door.
  9489 | Gauntlet | Found a transporter.
  9494 | Gauntlet | Noticed a necromancer
  9507 | Gauntlet | Found a transporter.
  9521 | Gauntlet | Found a transporter.
  9523 | Gauntlet | Noticed a death scarab
  9537 | Gauntlet | Found a transporter.
  9554 | Gauntlet | Found a transporter.
  9561 | Gauntlet | Found a transporter.
  9647 | Gauntlet | Gained mutation: You are weak. (Str -2) [a neqoxec]
  9648 | Gauntlet | Gained mutation: [Your spells are a little easier to cast,
                  | but a little less powerful.] [a neqoxec]
  9672 | Gauntlet | Killed a wretched star
  9673 | Gauntlet | Reached skill level 10 in Dodging
  9690 | Gauntlet | Identified the staff of cold "Joutenur" {rC+ Dex+5}
  9692 | Gauntlet | Identified the ring "Wiycwon" {Will+ Str+2}
  9715 | Gauntlet | Identified the ring "Basmise" {rF- rC+ rN++ rCorr MP+9}
  9788 | Gauntlet | Identified the +8 chain mail of Narrow Amelioration {rF+}
  9788 | Gauntlet | Noticed a minotaur
  9795 | Gauntlet | HP: 1/80 [minotaur/+2 vampiric lajatang (44)]
  9795 | Gauntlet | Slain by a minotaur

Illustrated notes

Levels and vault maps discovered:
D:1:      lightli_arrival_isolated_outpost, layout_loops_ring
D:2:      layout_basic
D:3:      layout_rooms, kennysheep_generic_room_3
D:4:      layout_loops_ring
D:5:      layout_rooms, nicolae_yredelemnul_corpse_copse, serial_shops,
          nicolae_shop_window_shopping, minmay_misc_feat_diagonals,
          serial_park_tiny_pond
D:6:      layout_cave_pods, nicolae_tso_besieged_by_evil, serial_shops, shop,
          nicolae_concentric_dashed_squares_wild, serial_bayou_ford_a
D:7:      layout_basic, mainiacjoe_overflow_chevrons, zin_scriptorium,
          minmay_temple_entry_trees
D:8:      layout_cave_pools, nicolae_ru_the_path_less_chosen,
          nicolae_elemental_shop, grunt_ministairs_3
D:9:      layout_loops_cross, nicolae_overflow_hallway_of_the_gods,
          lemuel_round_altar
D:10:     layout_irregular_city, nemelex_spade_bored_becter,
          gammafunk_ghost_ooze
D:11:     layout_basic, lair_entry_dummy, zombieorc1_lemuel
Temple:   hellmonk_temple_beads
Lair:1:   layout_concentric_octagons, gauntlet_entry_generic,
          dreamdust_gnoll_shepherd, grunt_megastairs_5, lemuel_fruit_tree,
          uniq_harold
Gauntlet: gammafunk_gauntlet_shortcut
          [minmay_gauntlet_arena_make_your_own_arena,
          gammafunk_gauntlet_arena_corners,
          gammafunk_gauntlet_arena_arrow_garden, nicolae_gauntlet_arena_blocks,
          nicolae_gauntlet_arena_quarters, gammafunk_gauntlet_arena_split_x,
          gauntlet_exit_green]

Skill      XL: |  1  2  3  4  5  6  7  8  9 10 11 |
---------------+----------------------------------+-----
Stealth        | 1 2 3 4 5 6 7 8 |  8.1
Fighting       | 3 4 5 7 8 10 | 10.8
Dodging        | 3 4 5 6 8 9 10 | 10.0
Ranged Weapons | 5 6 7 9 10 | 10.7

Action                     |  1- 3 |  4- 6 |  7- 9 | 10-12 || total
---------------------------+-------+-------+-------+-------++-------
  Melee: Shortbow          |       |     2 |       |       ||     2
   Fire: Shortbow          |    96 |    86 |   312 |   207 ||   701
 Invoke: Call Merchant     |       |       |       |     1 ||     1
  Evoke: Wand              |       |     7 |     8 |    12 ||    27
         Phantom mirror    |       |       |       |     1 ||     1
    Use: Scroll            |    12 |     3 |     7 |     4 ||    26
         Potion            |       |       |       |     1 ||     1
 Armour: Leather armour    |     8 |     5 |     5 |       ||    18
         Scale mail        |       |       |    35 |       ||    35
         Robe              |       |       |    11 |     2 ||    13
  Dodge: Dodged            |    22 |    22 |   116 |    67 ||   227

Table legend: (Time is in decaauts)
 A = Elapsed time spent in this place.
 B = Non-inter-level travel time spent in this place.
 C = Inter-level travel time spent in this place.
 D = Time resting spent in this place.
 E = Time spent auto-exploring this place.
 F = Levels seen in this place.
 G = Mean time per level.
                   A        B        C        D        E       F      G
               +--------+--------+--------+--------+--------+-----+--------+
         Total |   9916 |   9367 |    549 |    179 |   7303 |  14 |  708.3 |
       Dungeon |   9299 |   8766 |    533 |    179 |   7211 |  11 |  845.4 |
        Temple |    109 |     99 |     10 |      0 |     92 |   1 |  109.0 |
          Lair |    108 |    102 |      6 |      0 |      0 |   1 |  108.0 |
      Gauntlet |    397 |    397 |      0 |      0 |      0 |   1 |  397.0 |
               +--------+--------+--------+--------+--------+-----+--------+

Top non-repeatable levels by time:
    D:11: 1336 daAuts
     D:6: 1312 daAuts
     D:9: 964 daAuts
     D:8: 881 daAuts
    D:10: 807 daAuts
     D:4: 778 daAuts
     D:1: 776 daAuts
     D:5: 767 daAuts
     D:7: 719 daAuts
     D:2: 591 daAuts
Gauntlet: 397 daAuts
     D:3: 364 daAuts
  Temple: 109 daAuts
  Lair:1: 108 daAuts

Levels and vault maps discovered:
D:1:      lightli_arrival_isolated_outpost, layout_loops_ring
D:2:      layout_basic
D:3:      layout_rooms, kennysheep_generic_room_3
D:4:      layout_loops_ring
D:5:      layout_rooms, nicolae_yredelemnul_corpse_copse, serial_shops,
          nicolae_shop_window_shopping, minmay_misc_feat_diagonals,
          serial_park_tiny_pond
D:6:      layout_cave_pods, nicolae_tso_besieged_by_evil, serial_shops, shop,
          nicolae_concentric_dashed_squares_wild, serial_bayou_ford_a
D:7:      layout_basic, mainiacjoe_overflow_chevrons, zin_scriptorium,
          minmay_temple_entry_trees
D:8:      layout_cave_pools, nicolae_ru_the_path_less_chosen,
          nicolae_elemental_shop, grunt_ministairs_3
D:9:      layout_loops_cross, nicolae_overflow_hallway_of_the_gods,
          lemuel_round_altar
D:10:     layout_irregular_city, nemelex_spade_bored_becter,
          gammafunk_ghost_ooze
D:11:     layout_basic, lair_entry_dummy, zombieorc1_lemuel
Temple:   hellmonk_temple_beads
Lair:1:   layout_concentric_octagons, gauntlet_entry_generic,
          dreamdust_gnoll_shepherd, grunt_megastairs_5, lemuel_fruit_tree,
          uniq_harold
Gauntlet: gammafunk_gauntlet_shortcut
          [minmay_gauntlet_arena_make_your_own_arena,
          gammafunk_gauntlet_arena_corners,
          gammafunk_gauntlet_arena_arrow_garden, nicolae_gauntlet_arena_blocks,
          nicolae_gauntlet_arena_quarters, gammafunk_gauntlet_arena_split_x,
          gauntlet_exit_green]

Table legend: (Time is in decaauts)
 A = Elapsed time spent in this place.
 B = Non-inter-level travel time spent in this place.
 C = Inter-level travel time spent in this place.
 D = Time resting spent in this place.
 E = Time spent auto-exploring this place.
 F = Levels seen in this place.
 G = Mean time per level.
                   A        B        C        D        E       F      G
               +--------+--------+--------+--------+--------+-----+--------+
         Total |   9916 |   9367 |    549 |    179 |   7303 |  14 |  708.3 |
       Dungeon |   9299 |   8766 |    533 |    179 |   7211 |  11 |  845.4 |
        Temple |    109 |     99 |     10 |      0 |     92 |   1 |  109.0 |
          Lair |    108 |    102 |      6 |      0 |      0 |   1 |  108.0 |
      Gauntlet |    397 |    397 |      0 |      0 |      0 |   1 |  397.0 |
               +--------+--------+--------+--------+--------+-----+--------+

Top non-repeatable levels by time:
    D:11: 1336 daAuts
     D:6: 1312 daAuts
     D:9: 964 daAuts
     D:8: 881 daAuts
    D:10: 807 daAuts
     D:4: 778 daAuts
     D:1: 776 daAuts
     D:5: 767 daAuts
     D:7: 719 daAuts
     D:2: 591 daAuts
Gauntlet: 397 daAuts
     D:3: 364 daAuts
  Temple: 109 daAuts
  Lair:1: 108 daAuts

Table legend:
 A = Kills in this place as a percentage of kills in the entire game.
 B = Kills by you in this place as a percentage of kills by you in the entire game.
 C = Kills by friends in this place as a percentage of kills by friends in the entire game.
 D = Other kills in this place as a percentage of other kills in the entire game.
 E = Experience gained in this place as a percentage of experience gained in the entire game.
 F = Experience gained in this place divided by the number of levels of this place that you have seen.
                   A       B       C       D       E      F
               +-------+-------+-------+-------+-------+----------------------
         Total | 100.0 | 100.0 | 100.0 |   N/A | 100.0 | 953.6
       Dungeon |  97.2 |  97.6 |   0.0 |   N/A |  85.1 | 1033.1
          Lair |   1.6 |   1.6 |   0.0 |   N/A |   7.4 | 985.0
      Gauntlet |   1.2 |   0.8 | 100.0 |   N/A |   7.5 | 1001.0
               +-------+-------+-------+-------+-------+----------------------
